 Dungeon Crawl Stone Soup version 0.31-a0-925-g0a390f2509 (webtiles) character file.

Game seed: 11227259437768755164

288109 Dittersdorf the Hoplite (level 20, -2/141 HPs)
             Began as a Gargoyle Fighter on Oct 18, 2023.
             Was the Champion of Okawaru.
             Killed by Lee's Rapid Deconstruction
             ... invoked by a deep elf elementalist
              (24 damage)
             ... on level 3 of the Elven Halls.
             The game lasted 01:19:20 (39241 turns).

Dittersdorf the Hoplite (Gargoyle Fighter)         Turns: 39241, Time: 01:19:21

Health: -2/141     AC: 72    Str: 39    XL:     20   Next: 68%
Magic:  20/20      EV:  8    Int: 11    God:    Okawaru [******]
Gold:   4135       SH: 29    Dex: 19    Spells: 17/19 levels left

rFire   . . .        m - +10 morningstar "Zenoisit" {speed, rC+ Str+3}
rCold   + + .        S - +0 tower shield
rNeg    + . .        F - +17 crystal plate armour of Ykukk {Dex+4}
rPois   ∞            y - +4 hat of the Stone Wall {rC+ Dex+3 SInv}
rElec   +            r - +1 cloak {Will+}
rCorr   .            L - +3 pair of gloves of the Clam {Str+3}
SInv    +            C - +0 pair of boots
Will    +++..        K - amulet "Bebiurphazo" {Reflect Str+4 SH+5} Stlth
                     p - ring of willpower
HPRegen 0.43/turn    h - ring "Kikoenime" {AC+4 Str+2 Dex+3}
MPRegen 0.17/turn

%: reflection
@: corroded, flying, studying Dodging
A: sickness immunity, AC +15, big wings, negative energy resistance 1,
electricity resistance, torment resistance 1, petrification resistance
}: 2/15 runes: decaying, gossamer
a: Renounce Religion, Heroism, Finesse, Duel, Receive Weapon


You were on level 3 of the Elven Halls.
You worshipped Okawaru.
Okawaru was exalted by your worship.
You visited 7 branches of the dungeon, and saw 34 of its levels.
You also visited: Ossuary, Bailey, Gauntlet, Ice Cave and Desolation.

You collected 5151 gold pieces.
You spent 1016 gold pieces at shops.

Inventory:

Hand Weapons
 m - the +10 morningstar "Zenoisit" (weapon) {speed, rC+ Str+3}
   (You found it on level 4 of the Dungeon)

   Str+3:     It affects your strength (+3).
   rC+:       It protects you from cold.
 R - a +9 eveningstar of flaming
Missiles
 E - 5 throwing nets
Armour
 l - the +1 helmet of the Blind Marksman {Rampage rF+ Slay+5}
   (You found it in a Gauntlet)

   Slay+5:    It affects your accuracy & damage with ranged weapons and melee
   (+5).
   rF+:       It protects you from fire.
   Rampage:   It bestows one free step when moving towards enemies.
 r - a +1 cloak of willpower (worn)
 y - the +4 hat of the Stone Wall (worn) {rC+ Dex+3 SInv}
   (You acquired it on level 3 of the Spider Nest)

   Dex+3:     It affects your dexterity (+3).
   rC+:       It protects you from cold.
   SInv:      It lets you see invisible.
 C - a +0 pair of boots (worn)
 F - the +17 crystal plate armour of Ykukk (worn) {Dex+4}
   (Okawaru gifted it to you on level 4 of the Lair of Beasts)

   Dex+4:     It affects your dexterity (+4).
 L - the +3 pair of gloves of the Clam (worn) {Str+3}
   (You acquired it on level 3 of the Spider Nest)

   Str+3:     It affects your strength (+3).
 S - a +0 tower shield (worn)
Magical Staves
 a - a staff of earth
Jewellery
 h - the ring "Kikoenime" (right hand) {AC+4 Str+2 Dex+3}
   (You bought it in a shop on level 2 of the Orcish Mines)

   [ring of protection]

   AC+4:      It affects your AC (+4).
   Str+2:     It affects your strength (+2).
   Dex+3:     It affects your dexterity (+3).
 n - a ring of resist corrosion
 p - a ring of willpower (left hand)
 q - the ring "Jigh" {Ice +Blink Str+3}
   (You found it in the Desolation of Salt)

   [ring of ice]

   Ice:       It enhances your ice magic.
   Str+3:     It affects your strength (+3).
   rF-:       It makes you vulnerable to fire.
   rC+:       It protects you from cold.
   +Blink:    It lets you blink.
 w - the ring of Youthful Indiscretion {rN+++ Int+6 Stlth-}
   (You found it in the Desolation of Salt)

   [ring of intelligence]

   Int+6:     It affects your intelligence (+6).
   rN+++:     It renders you almost immune to negative energy.
   Stlth-:    It makes you less stealthy.
 G - an amulet of regeneration
 H - the ring "Ynojaamy" {rN+ Str+2}
   (You took it off a minotaur in a Gauntlet)

   [ring of positive energy]

   Str+2:     It affects your strength (+2).
   rN+:       It protects you from negative energy.
 I - a ring of fire
 K - the amulet "Bebiurphazo" (around neck) {Reflect Str+4 SH+5}
   (You found it in a Gauntlet)

   [amulet of reflection]

   Reflect:   It reflects blocked missile attacks.
   Str+4:     It affects your strength (+4).
   SH+5:      It affects your SH (+5).
 M - a ring of magical power
Wands
 v - a wand of acid (45) (quivered)
Scrolls
 c - 8 scrolls of blinking
 f - 10 scrolls of enchant weapon
 i - 12 scrolls of teleportation
 j - 5 scrolls of fog
 t - 5 scrolls of enchant armour
 B - 3 scrolls of fear
 D - 13 scrolls of identify
 J - 4 scrolls of revelation
Potions
 b - 4 potions of cancellation
 d - 6 potions of might
 e - 7 potions of ambrosia
 g - 6 potions of mutation
 k - 5 potions of brilliance
 o - 10 potions of curing
 s - 2 potions of invisibility
 u - 4 potions of enlightenment
 x - 7 potions of resistance
 z - 4 potions of berserk rage
 A - 8 potions of heal wounds
 N - 2 potions of haste
 O - 2 potions of magic


   Skills:
 + Level 20.3 Fighting
 + Level 20.3 Maces & Flails
 + Level 20.3 Armour
 + Level 22.7 Shields


You had 17 spell levels left.
You knew the following spells:

 Your Spells              Type           Power      Damage    Failure   Level
a - Passwall              Tmut/Erth      0%         N/A       98%         2

Your spell library contained the following spells:

 Spells                   Type           Power      Damage    Failure   Level
 Apportation              Tloc           0%         N/A       95%         1
 Foxfire                  Conj/Fire      0%         2x1d4     95%         1
 Kiss of Death            Conj/Necr      0%         2d5       95%         1
 Magic Dart               Conj           0%         1d3       95%         1
 Necrotise                Necr           0%         1d4       95%         1
 Blink                    Tloc           0%         N/A       98%         2
 Ensorcelled Hibernation  Hex/Ice        0%         N/A       98%         2
 Jinxbite                 Hex            0%         N/A       98%         2
 Lesser Beckoning         Tloc           0%         N/A       98%         2
 Momentum Strike          Conj/Tloc      0%         3d8       98%         2
 Searing Ray              Conj           0%         2d4       98%         2
 Wereblood                Tmut           0%         N/A       98%         2
 Gell's Gravitas          Tloc           0%         N/A       100%        3
 Hailstorm                Conj/Ice       0%         3d3       100%        3
 Inner Flame              Hex/Fire       0%         N/A       100%        3
 Swiftness                Air            0%         N/A       100%        3
 Teleport Other           Tloc           0%         N/A       100%        3
 Vampiric Draining        Necr           0%         2d6       100%        3
 Anguish                  Hex/Necr       0%         N/A       100%        4
 Cause Fear               Hex            0%         N/A       100%        4
 Flame Wave               Conj/Fire      0%         2d4       100%        4
 Fulminant Prism          Conj/Hex       0%         3d5       100%        4
 Passage of Golubria      Tloc           0%         N/A       100%        4
 Sticky Flame             Conj/Fire      0%         2d3       100%        4
 Agony                    Necr           0%         N/A       100%        5
 Alistair's Intoxication  Tmut/Pois      0%         N/A       100%        5
 Borgnjor's Vile Clutch   Necr/Erth      0%         N/A       100%        5
 Irradiate                Conj/Tmut      0%         3d11      100%        5
 Yara's Violent Unravell  Hex/Tmut       0%         3d3       100%        5
 Enfeeble                 Hex            0%         N/A       100%        7
 Summon Small Mammal      Summ           Unusable   N/A       N/A         1
 Call Canine Familiar     Summ           Unusable   N/A       N/A         3
 Summon Guardian Golem    Hex/Summ       Unusable   N/A       N/A         3
 Tukima's Dance           Hex            Unusable   N/A       N/A         3
 Animate Dead             Necr           Unusable   N/A       N/A         4
 Summon Ice Beast         Ice/Summ       Unusable   N/A       N/A         4
 Death Channel            Necr           Unusable   N/A       N/A         6
 Simulacrum               Ice/Necr       Unusable   N/A       N/A         6
 Spellforged Servitor     Conj/Summ      Unusable   N/A       N/A         7

Dungeon Overview and Level Annotations

Branches:
Dungeon (15/15)            Temple (1/1) D:5            Lair (5/5) D:11
  Swamp (4/4) Lair:3       Spider (4/4) Lair:2        Slime (0/5) Lair:5
    Orc (2/2) D:11            Elf (3/3) Orc:2        Vaults (0/5) D:14
 Depths (0/4) D:15        Ossuary (visited)          Bailey (visited)
  IceCv (visited)         Desolation (visited)      Gauntlet (visited)

Altars:
Ashenzari
Cheibriados
Dithmenos
Elyvilon
Fedhas
Gozag
Hepliaklqana
Kikubaaqudgha
Makhleb
Nemelex Xobeh
Okawaru
Qazlal
Ru
Sif Muna
Trog
Uskayaw
Vehumet
Wu Jian
Xom
Yredelemnul
Zin
The Shining One

Shops:
D:10 *   D:11 :   Orc:1 [   Orc:2 =([?   Elf:2 :


Innate Abilities, Weirdness & Mutations

You are immune to sickness and miasma.
Your stone body is resilient. (AC +15)
You are immune to poison.
Your large and strong wings let you fly.
You resist negative energy. (rN+)
You are resistant to electric shocks. (rElec)
You are resistant to unholy torment.
You are immune to petrification.


Message History

The sphere of damnation explodes!
The damnation engulfs you!!
The deep elf sorcerer howls an incantation.
The deep elf sorcerer's hands start to glow.
You hear a howl!
You hear a shout! x2
The deep elf sorcerer attacks as it pursues you!
You block the deep elf sorcerer's attack.
The deep elf sorcerer points at you and mumbles some strange words.
The bolt of acid hits you. The acid corrodes you!
The deep elf sorcerer casts a spell at you.
The bolt of acid misses you.
The deep elf elementalist casts a spell at you.
You shatter!
The deep elf sorcerer attacks as it pursues you!
You block the deep elf sorcerer's attack.
You block the deep elf sorcerer's attack.
The deep elf sorcerer points at you and mumbles some strange words.
The bolt of acid hits you!
The deep elf sorcerer attacks as it pursues you!
You block the deep elf sorcerer's attack.
The deep elf elementalist casts a spell at you.
You shatter!
The deep elf sorcerer points at you and mumbles some strange words.
The sphere of damnation explodes!
The damnation engulfs you!!
* * * LOW HITPOINT WARNING * * *
Things that are here:
a +0 rapier; a +0 ring mail; an elf corpse You block the deep elf sorcerer's attack. x2
There is an open door here.
The deep elf sorcerer attacks as it pursues you!
You block the deep elf sorcerer's attack.
The Tzitzimitl calls on the powers of darkness!
The deep elf elementalist convulses! x2; The deep elf sorcerer convulses! x2
Your body is wracked with pain!
* * * LOW HITPOINT WARNING * * *
The deep elf sorcerer gestures at you while chanting.
The bolt of acid hits you.
* * * LOW HITPOINT WARNING * * *
The deep elf elementalist casts a spell at you.
You shatter!!
You die...

.....#
##.....#'##
#.# ###..#
##...###.##
#.# # ####
##+##
##.###.# #
#.# ##.##'##
# #.#
##'...## #.#
#.....# #.#
#.....# #.#
#.....# #@#
##'...## #.#
##.###'## #e#
##.## #..##
####e####.##
#.#.##
#?..3...'##
#.##.##
##..e....##
#.###.#
#....e....#
#.# ##'
##....1....##
#.# ##
#........)..#
#.# ##


You could see a Tzitzimitl (summoned), 2 deep elf sorcerers, 2 deep elf
elementalists and a sun demon (summoned).

Vanquished Creatures
  Norris (Elf:2)
  An Ice Fiend (Spider:4)
  A deep elf blademaster (Elf:2)
  The ghost of snackwell the Earth Mage, an adept MeEE of Vehumet (Spider:2)
  2 thorn hunters (Swamp:4)
  Agnes (Elf:1)
  Kirke (Elf:1)
  Aizul (Elf:2)
  2 fenstrider witches
  4 emperor scorpions
  The ghost of demibob the Marksdraconian, a journeyman DrCK of Xom (Orc:2)
  A deep elf sorcerer (Elf:1)
  3 imperial myrmidons (Desolation)
  Louise (Swamp:4)
  5 ghost moths
  2 broodmothers
  The ghost of Shayle the Mimic, a journeyman HuSh of Ashenzari (D:13)
  Azrael (Elf:2)
  A dire elephant (D:15)
  6 eleionomae
  3 bunyips
  The ghost of Pedyestre the Fighter, a journeyman DsIE of Vehumet (Orc:1)
  A minotaur (Gauntlet)
  3 spark wasps
  A crystal guardian (Desolation)
  An ettin (Orc:1)
  3 entropy weavers
  2 shambling mangroves
  Harold (D:10)
  8 servants of whispers (Desolation)
  A great orb of eyes (D:15)
  6 ragged hierophants (Desolation)
  A rakshasa (D:15)
  6 catoblepae
  3 ghost crabs
  5 peacekeepers
  Erica (D:9)
  22 hydras
  3 centaur warriors
  2 jorogumos
  4 alligators
  A radroach (Spider:4)
  8 two-headed ogres
  16 death yaks
  10 boulder beetles
  27 dancing weapons
  12 demonic crawlers
  Amaemon (Lair:3)
  A wretched star (Gauntlet)
  11 deep elf knights
  A fire crab (shapeshifter) (D:12)
  A sixfirhy (Gauntlet)
  5 skysharks
  10 pharaoh ants
  7 goliath frogs
  6 skeletal warriors (D:12)
  2 sun moths
  18 orb spiders
  4 spriggan druids
  13 swamp dragons
  3 bog bodies
  A lindwurm (Lair:4)
  10 steelbarb worms
  29 ugly things
  2 ironbound convokers (Desolation)
  An occultist (D:15)
  3 orc knights
  5 deep elf archers
  17 deep elf zephyrmancers
  24 deep elf pyromancers
  6 cyclopes
  4 orc sorcerers
  6 manticores
  A salamander (D:15)
  3 oklob plants
  29 wolf spiders
  10 elephants
  3 moths of wrath
  5 black mambas
  7 slime creatures
  5 guardian serpents (Desolation)
  A molten gargoyle (Desolation)
  5 torpor snails
  3 ice statues
  An orange demon (Lair:3)
  4 gargoyles
  3 rime drakes
  9 cane toads
  11 komodo dragons
  An unseen horror (D:12)
  2 kobold demonologists (D:11)
  5 trolls
  3 polar bears
  6 meliai
  9 tyrant leeches
  A blink frog (shapeshifter) (D:13)
  34 tarantellas
  A tarantella (shapeshifter) (D:14)
  27 hornets
  51 saltlings (Desolation)
  18 blink frogs
  A jumping spider (shapeshifter) (D:14)
  34 jumping spiders
  A culicivora (shapeshifter) (D:14)
  18 spriggans
  A shadow (D:10)
  35 yaks
  3 air elementals
  32 culicivoras
  3 water elementals
  A vampire (D:14)
  6 humans
  6 basilisks
  Grum (D:10)
  2 fire elementals (Elf:2)
  6 wyverns
  A hog (Elf:1)
  A wraith (D:10)
  A neqoxec (Gauntlet)
  10 vampire mosquitoes
  A death yak simulacrum (IceCv)
  45 redbacks
  Edmund (D:4)
  5 wargs
  16 swamp worms
  19 water moccasins
  A small abomination (Gauntlet)
  An ice beast (D:5)
  46 orc warriors
  5 hell hounds (Elf:2)
  2 black bears
  12 swamp drakes
  14 wolves
  8 boggarts
  5 ogres
  14 centaurs
  A phantom (D:5)
  5 kobold brigands
  14 bullfrogs
  An earth elemental (Elf:1)
  6 gnoll sergeants
  5 scorpions
  2 cane toad simulacra (IceCv)
  3 wights (D:7)
  2 elephant simulacra (IceCv)
  3 jellies
  9 killer bees (D:9)
  24 electric eels
  3 howler monkeys
  A centaur zombie (Ossuary)
  2 human zombies (Ossuary)
  15 orc priests
  2 hounds (D:5)
  2 iguanas (D:5)
  21 orc wizards
  4 hell rats
  A wolf simulacrum (IceCv)
  3 hound zombies (Ossuary)
  3 mummies (Ossuary)
  19 gnolls
  5 adders
  2 shadow imps
  16 white imps
  3 ufetubi (Gauntlet)
  3 adder zombies (Ossuary)
  2 worms (D:2)
  4 dart slugs
  84 orcs
  9 endoplasms
  2 gnoll zombies (Ossuary)
  13 goblins
  10 hobgoblins
  7 jackals (D:2)
  16 kobolds
  4 quokkas
  A ball python (D:1)
  3 frilled lizards
  5 goblin zombies (Ossuary)
  4 hobgoblin zombies (Ossuary)
  3 jackal zombies (Ossuary)
  4 kobold zombies (Ossuary)
  2 orc zombies (Ossuary)
  2 quokka zombies (Ossuary)
  9 rats
  5 rat zombies (Ossuary)
1365 creatures vanquished.

Vanquished Creatures (others)
  A ghost moth (Spider:3)
  A deep elf zephyrmancer (Elf:3)
  A bloated husk (Swamp:1)
  A jumping spider (Spider:4)
  A yak (Lair:5)
5 creatures vanquished.

Grand Total: 1370 creatures vanquished

Notes
Turn   | Place    | Note
-------+----------+-------------------------------------------
     0 | D:1      | Dittersdorf the Gargoyle Fighter began the quest for the
                  | Orb.
     0 | D:1      | Reached XP level 1. HP: 14/14 MP: 1/1
   211 | D:1      | Reached XP level 2. HP: 18/19 MP: 2/2
   571 | D:2      | Reached XP level 3. HP: 23/24 MP: 3/3
   664 | D:2      | Found a sparkling altar of Nemelex Xobeh.
  1253 | D:2      | Reached XP level 4. HP: 29/29 MP: 4/4
  1751 | D:3      | Reached skill level 4 in Shields
  2251 | D:4      | Found a sand-covered staircase.
  2272 | Ossuary  | Entered an ossuary
  2386 | Ossuary  | Reached XP level 5. HP: 15/33 MP: 5/5
  2678 | Ossuary  | Reached XP level 6. HP: 39/39 MP: 6/6
  2965 | D:4      | HP: 1/39 [orc/+0 hand axe (4)]
  3232 | D:4      | Reached skill level 5 in Shields
  3429 | D:4      | Identified the +10 morningstar "Zenoisit" {speed, rC+
                  | Str+3}
  3783 | D:4      | Reached skill level 5 in Fighting
  3783 | D:4      | Reached skill level 5 in Armour
  3783 | D:4      | Reached XP level 7. HP: 27/44 MP: 7/7
  3852 | D:4      | Noticed Edmund
  3868 | D:4      | Killed Edmund
  4228 | D:5      | Entered Level 5 of the Dungeon
  4301 | D:5      | Found a staircase to the Ecumenical Temple.
  4310 | Temple   | Entered the Ecumenical Temple
  4316 | Temple   | Became a worshipper of Warmaster Okawaru
  4344 | D:5      | Reached XP level 8. HP: 50/51 MP: 8/8
  4384 | D:5      | Reached skill level 6 in Shields
  4409 | D:5      | Reached skill level 5 in Maces & Flails
  4473 | D:5      | Reached * piety under Okawaru
  5665 | D:7      | Reached ** piety under Okawaru
  5666 | D:7      | Reached skill level 7 in Shields
  5666 | D:7      | Reached XP level 9. HP: 53/57 MP: 9/9
  5732 | D:7      | Found a sacrificial altar of Ru.
  6054 | D:7      | Found a runed translucent door.
  6058 | D:7      | Found a basalt altar of Yredelemnul.
  6631 | D:8      | Reached *** piety under Okawaru
  6656 | D:8      | Reached skill level 8 in Shields
  6772 | D:8      | Noticed a hornet
  6780 | D:8      | Killed a hornet
  7112 | D:9      | Reached XP level 10. HP: 60/64 MP: 10/10
  7943 | D:9      | Noticed Erica
  7953 | D:9      | Killed Erica
  7953 | D:9      | Reached **** piety under Okawaru
  8065 | D:9      | Noticed a gargoyle
  8070 | D:9      | Killed a gargoyle
  8283 | D:9      | Reached skill level 9 in Shields
  8388 | D:10     | Entered Level 10 of the Dungeon
  8414 | D:10     | Found Xileusor's Assorted Antiques.
  8438 | D:10     | Found a flagged portal.
  8449 | Bailey   | Entered a bailey
  8515 | Bailey   | Noticed an orc sorcerer
  8724 | Bailey   | Identified the +5 ring mail "Taki" {Dex+2}
  8786 | Bailey   | Killed an orc sorcerer
  9023 | Bailey   | Acquired 1211 gold pieces
  9037 | Bailey   | Noticed an orc sorcerer
  9050 | Bailey   | Killed an orc sorcerer
  9050 | Bailey   | Reached ***** piety under Okawaru
  9284 | Bailey   | Reached XP level 11. HP: 58/71 MP: 11/11
  9567 | Bailey   | Found an iron altar of Okawaru.
  9574 | Bailey   | Found the +6 shillelagh "Devastator" {shatter}
  9589 | Bailey   | Identified the +1 robe of Xypugar {Fly Str+4}
  9828 | D:10     | Found a blossoming altar of Fedhas.
  9857 | D:10     | Found a broken altar of Ashenzari.
  9882 | D:10     | Reached skill level 10 in Shields
  9971 | D:10     | Noticed Harold
  9979 | D:10     | Killed Harold
  9979 | D:10     | Received a gift from Okawaru
  9980 | D:10     | Reached skill level 10 in Fighting
  9980 | D:10     | Reached skill level 10 in Armour
 10247 | D:10     | Noticed Grum
 10261 | D:10     | Killed Grum
 10267 | D:10     | Noticed a boulder beetle
 10287 | D:10     | Killed a boulder beetle
 10511 | D:10     | Learned a level 2 spell: Passwall
 10586 | D:11     | Noticed a brown ugly thing
 10601 | D:10     | Killed a brown ugly thing
 10601 | D:10     | Received a gift from Okawaru
 10688 | D:11     | Found a staircase to the Orcish Mines.
 10905 | D:11     | Noticed a two-headed ogre
 10912 | D:11     | Killed a two-headed ogre
 11037 | D:11     | Found a glowing golden altar of the Shining One.
 11176 | D:11     | Noticed a cyclops
 11183 | D:11     | Killed a cyclops
 11208 | D:11     | Reached skill level 11 in Shields
 11208 | D:11     | Reached XP level 12. HP: 79/79 MP: 12/12
 11278 | D:11     | Received a gift from Okawaru
 11720 | D:11     | Found a staircase to the Lair.
 11769 | D:11     | Found Ataobof's Book Boutique.
 11939 | Lair:1   | Entered Level 1 of the Lair of Beasts
 11997 | Lair:1   | Reached skill level 10 in Maces & Flails
 12291 | Lair:1   | Reached ****** piety under Okawaru
 12365 | Lair:1   | Received a gift from Okawaru
 12867 | Lair:2   | You are sucked into a shaft and drop 2 floors!
 12873 | Lair:4   | Noticed a seven-headed hydra
 12881 | Lair:4   | Killed a seven-headed hydra
 13040 | Lair:4   | Noticed a death yak
 13040 | Lair:4   | Noticed a seven-headed hydra
 13064 | Lair:4   | Killed a death yak
 13070 | Lair:4   | Killed a seven-headed hydra
 13121 | Lair:4   | Reached skill level 12 in Shields
 13157 | Lair:4   | Acquired the +17 crystal plate armour of Ykukk {Dex+4}
 13157 | Lair:4   | Received a gift from Okawaru
 13221 | Lair:4   | Found a gate leading to a gauntlet.
 13230 | Gauntlet | Entered a Gauntlet
 13230 | Gauntlet | Found a transporter.
 13230 | Gauntlet | Found a transporter.
 13234 | Gauntlet | Found a transporter.
 13234 | Gauntlet | Found a transporter.
 13245 | Gauntlet | Found a transporter.
 13258 | Gauntlet | Found a transporter.
 13262 | Gauntlet | Found a transporter.
 13262 | Gauntlet | Found a transporter.
 13269 | Gauntlet | Noticed a wretched star
 13279 | Gauntlet | Found a transporter.
 13300 | Gauntlet | Noticed a catoblepas
 13339 | Gauntlet | Found a transporter.
 13355 | Gauntlet | Found a transporter.
 13366 | Gauntlet | Found a transporter.
 13438 | Gauntlet | Found a transporter.
 13453 | Gauntlet | Found a transporter.
 13473 | Gauntlet | Found a transporter.
 13480 | Gauntlet | Found a transporter.
 13580 | Gauntlet | Killed a catoblepas
 13580 | Gauntlet | Received a gift from Okawaru
 13581 | Gauntlet | Reached XP level 13. HP: 85/86 MP: 13/13
 13638 | Gauntlet | Identified the +1 helmet of the Blind Marksman {Rampage rF+
                  | Slay+5}
 13707 | Gauntlet | Identified the ring "Ynojaamy" {rN+ Str+2}
 13707 | Gauntlet | Noticed a minotaur
 13722 | Gauntlet | Killed a minotaur
 13737 | Gauntlet | Identified the amulet "Bebiurphazo" {Reflect Str+4 SH+5}
 13737 | Gauntlet | Identified the staff of the Morning {rElec rPois rF+ rN+++
                  | Will- Fire}
 13919 | Lair:4   | Found a runed translucent door.
 14646 | Lair:4   | Received a gift from Okawaru
 14743 | Lair:5   | Entered Level 5 of the Lair of Beasts
 14845 | Lair:3   | Found a burning altar of Makhleb.
 15010 | Lair:3   | Noticed Amaemon
 15023 | Lair:3   | Killed Amaemon
 15023 | Lair:3   | Received a gift from Okawaru
 15024 | Lair:3   | Reached skill level 13 in Shields
 15058 | Lair:2   | Found a hole to the Spider Nest.
 15695 | Lair:2   | Found a blossoming altar of Fedhas.
 15998 | Lair:3   | Received a gift from Okawaru
 16052 | Lair:3   | Gained mutation: Your large and strong wings let you fly.
                  | [Gargoyle growth]
 16052 | Lair:3   | Reached XP level 14. HP: 94/94 MP: 14/14
 16356 | Lair:3   | Found a staircase to the Swamp.
 16838 | Lair:5   | Received a gift from Okawaru
 16865 | Lair:5   | Reached skill level 14 in Shields
 17036 | Lair:5   | Received a gift from Okawaru
 17087 | Lair:5   | Found a staircase to the Slime Pits.
 17457 | Lair:5   | Received a gift from Okawaru
 17699 | Lair:5   | Reached XP level 15. HP: 93/101 MP: 15/15
 18025 | Orc:1    | Entered Level 1 of the Orcish Mines
 18193 | Orc:1    | Found a transporter.
 18195 | Orc:1    | Noticed Pedyestre's ghost (journeyman DsIE)
 18422 | Orc:1    | Found a transporter.
 18482 | Orc:1    | Killed Pedyestre's ghost
 18716 | Orc:2    | Entered Level 2 of the Orcish Mines
 18971 | Orc:1    | Found Xafon's Antique Armour Shop.
 18977 | Orc:1    | Bought a pair of runed gloves for 180 gold pieces
 19074 | Orc:2    | Found a staircase to the Elven Halls.
 19249 | Orc:2    | Reached skill level 15 in Fighting
 19309 | Orc:2    | Received a gift from Okawaru
 19310 | Orc:2    | Reached skill level 15 in Armour
 19310 | Orc:2    | Reached skill level 15 in Shields
 19492 | Orc:2    | Found a runed translucent door.
 19492 | Orc:2    | Noticed demibob's ghost (journeyman DrCK)
 19693 | Orc:2    | Found Oqalov's Antique Armour Emporium.
 19693 | Orc:2    | Found Eteliror's Weapon Boutique.
 19693 | Orc:2    | Found Deckye Moixt's Jewellery Shop.
 19696 | Orc:2    | Found Wogif's Magic Scroll Shoppe.
 19703 | Orc:2    | Bought the ring "Kikoenime" {AC+4 Str+2 Dex+3} for 642 gold
                  | pieces
 19711 | Orc:2    | Bought a scroll of enchant armour for 97 gold pieces
 19711 | Orc:2    | Bought a scroll of revelation for 97 gold pieces
 19904 | Orc:2    | Killed demibob's ghost
 20251 | D:12     | Received a gift from Okawaru
 21031 | D:13     | Received a gift from Okawaru
 21111 | D:13     | Found a frozen archway.
 21178 | IceCv    | Entered an ice cave
 21193 | IceCv    | Found a transporter.
 21208 | IceCv    | Found a transporter.
 21283 | D:13     | Acquired a manual of Shields
 21302 | D:13     | Found a runed translucent gate.
 21303 | D:13     | Found a runed translucent gate.
 21304 | D:13     | Found a runed translucent gate.
 21305 | D:13     | Noticed Shayle's ghost (journeyman HuSh)
 21386 | D:13     | Received a gift from Okawaru
 21882 | D:13     | Reached XP level 16. HP: 102/110 MP: 16/16
 21909 | D:13     | Killed Shayle's ghost
 22208 | D:14     | Reached skill level 16 in Shields
 22742 | D:14     | Reached skill level 15 in Maces & Flails
 23023 | D:14     | Received a gift from Okawaru
 23059 | D:14     | Found a gate to the Vaults.
 23638 | D:15     | Entered Level 15 of the Dungeon
 23797 | D:15     | Identified the +1 helmet "Haofebbi" {*Corrode Will+ Str+4}
 23815 | D:15     | Found a staircase to the Depths.
 23818 | D:15     | Paralysed by a great orb of eyes for 2 turns
 23843 | D:15     | Received a gift from Okawaru
 23844 | D:15     | Reached skill level 17 in Shields
 24358 | Spider:1 | Entered Level 1 of the Spider Nest
 24797 | Spider:1 | Received a gift from Okawaru
 25533 | Spider:1 | Reached XP level 17. HP: 116/116 MP: 17/17
 25563 | Spider:1 | Reached skill level 18 in Shields
 25813 | Spider:2 | Received a gift from Okawaru
 26864 | Spider:3 | Acquired a +2 pair of gloves of dexterity
 26877 | Spider:3 | Acquired the +3 pair of gloves of the Clam {Str+3}
 26890 | Spider:3 | Acquired the +4 hat of the Stone Wall {rC+ Dex+3 SInv}
 27096 | Spider:3 | Received a gift from Okawaru
 27141 | Spider:3 | Reached skill level 19 in Shields
 27556 | Spider:3 | Received a gift from Okawaru
 27813 | Spider:4 | Entered Level 4 of the Spider Nest
 27931 | Spider:4 | Found a runed translucent gate.
 27931 | Spider:4 | Found a runed translucent gate.
 27931 | Spider:4 | Found a runed translucent gate.
 27937 | Spider:4 | Noticed snackwell's ghost (adept MeEE)
 28409 | Spider:4 | Identified the +0 robe of Context {-Cast rN+++ Int-3
                  | Stlth+}
 28582 | Spider:4 | Reached XP level 18. HP: 124/124 MP: 18/18
 28917 | Spider:4 | Reached skill level 20 in Shields
 29013 | Spider:4 | Received a gift from Okawaru
 29107 | Spider:4 | Noticed an Ice Fiend
 29110 | Spider:4 | Paralysed by a Zot trap for 2 turns
 29135 | Spider:3 | HP: 5/125 [snackwell's ghost/stone arrow (24)]
 29439 | Spider:2 | Killed snackwell's ghost
 29657 | Spider:4 | Killed an Ice Fiend
 29779 | Spider:4 | Identified the +0 hat of the Flute {Int+6}
 30395 | Spider:4 | Received a gift from Okawaru
 30540 | Spider:4 | Got a gossamer rune of Zot
 30742 | Swamp:1  | Entered Level 1 of the Swamp
 31442 | Swamp:1  | Identified the +1 leather armour of Articulation {rElec
                  | Int-5 Dex+3}
 31670 | Swamp:1  | Reached skill level 21 in Shields
 31672 | Swamp:1  | Received a gift from Okawaru
 32530 | Swamp:3  | Received a gift from Okawaru
 32669 | Swamp:3  | Reached XP level 19. HP: 105/132 MP: 19/19
 32672 | Swamp:3  | Paralysed by a fenstrider witch for 5 turns
 33111 | Swamp:4  | Entered Level 4 of the Swamp
 33158 | Swamp:4  | Paralysed by a fenstrider witch for 2 turns
 33390 | Swamp:4  | Noticed Louise
 33428 | Swamp:4  | Received a gift from Okawaru
 33436 | Swamp:4  | Killed Louise
 33661 | Swamp:4  | Got a decaying rune of Zot
 34046 | Vaults:5 | Identified the "Dyqil"
 34046 | Crypt:3  | Identified the of Fylywkei
 34046 | Crypt:3  | Identified the of Amnae
 34046 | Depths:1 | Identified the "Migoph"
 34046 | Elf:1    | Identified the "Jusoshit"
 34046 | Elf:1    | Entered Level 1 of the Elven Halls
 34196 | Elf:1    | Received a gift from Okawaru
 34200 | Elf:1    | Paralysed by an air elemental for 1 turns
 34204 | Elf:1    | Paralysed by an air elemental for 1 turns
 34615 | Elf:1    | Noticed Kirke
 34619 | Elf:1    | Killed Kirke
 34620 | Elf:1    | Noticed Agnes
 34629 | Elf:1    | Killed Agnes
 34885 | Elf:2    | Noticed Azrael
 34900 | Elf:2    | Killed Azrael
 34944 | Elf:2    | Received a gift from Okawaru
 34990 | Elf:2    | Found a crumbling gateway.
 35069 | Desolati | Entered the Desolation of Salt
 35080 | Desolati | Reached skill level 22 in Shields
 36826 | Desolati | Reached XP level 20. HP: 68/140 MP: 17/20
 36831 | Desolati | Received a gift from Okawaru
 37167 | Desolati | Identified the ring "Jigh" {Ice +Blink Str+3}
 37226 | Desolati | Found the +7 lajatang of Order {silver, rMut}
 37236 | Desolati | Identified the +5 quarterstaff "Illamp" {venom, Drain rElec
                  | rN+ SInv}
 37242 | Desolati | Identified the ring of Youthful Indiscretion {rN+++ Int+6
                  | Stlth-}
 37244 | Desolati | Identified the +7 dagger of Hyicash {elec, rCorr MP+9
                  | Int-3}
 37492 | Desolati | Found the +8 Vampire's Tooth {megavamp}
 37798 | Elf:2    | Received a gift from Okawaru
 37849 | Elf:2    | Noticed Norris
 37872 | Elf:2    | Killed Norris
 37967 | Elf:2    | Found a huge runed translucent gate.
 37967 | Elf:2    | Found a huge runed translucent gate.
 37967 | Elf:2    | Found a huge runed translucent gate.
 37968 | Elf:2    | Found a huge runed translucent gate.
 37970 | Elf:2    | Found a huge runed translucent gate.
 38105 | Elf:2    | Found Zilefug's Book Shoppe.
 38346 | Elf:2    | Received a gift from Okawaru
 38813 | Elf:3    | Identified the "Enesirr"
 38813 | Elf:3    | Entered Level 3 of the Elven Halls
 38813 | Elf:3    | Noticed Aizul
 38828 | Elf:2    | Killed Aizul
 39216 | Elf:3    | Identified the +5 rapier of Tumult {pain, rPois Str+5}
 39219 | Elf:3    | Noticed a Tzitzimitl
 39241 | Elf:3    | Killed from afar by a deep elf elementalist

Illustrated notes

Levels and vault maps discovered:
D:1:      kennysheep_arrival_forest, layout_rooms, minmay_statues_item
D:2:      layout_basic, basic_altar, minmay_tromino_v2
D:3:      layout_basic
D:4:      layout_basic, enter_ossuary_3, serial_co_window_serial,
          co_window_of_opportunity_a, co_window_corner_a, co_window_paths_a,
          co_window_paths_a, co_window_paths_b, co_window_corner_a,
          co_window_cross_1, co_window_broadway_c, co_window_broadway_c,
          co_window_cross_3, co_window_paths_c, glass_columns_b,
          glass_columns_a, glass_columns_b, glass_columns_a, glass_columns_b,
          uniq_edmund
D:5:      layout_basic, minmay_temple_entry_slanted
D:6:      layout_cave_pools, serial_glass, glass_columns_b, glass_columns_a
D:7:      layout_loops_ring, dk_yredelemnul_ordeal, nicolae_ru_awakened_eye,
          chequers_serial_rivers_micro_e
D:8:      layout_rooms
D:9:      layout_stronghold, chequers_arboretum, chequers_serial_rivers_micro_c,
          minmay_misc_feat_columns, uniq_erica
D:10:     layout_basic, evilmike_ruin_ashenzari, fedhas_altar_1, serial_shops,
          nicolae_shop_advertising_works [nicolae_subvault_shop_adworks],
          enter_bailey_3, uniq_grum, uniq_harold
D:11:     nicolae_cairo_tiling_very_big, layout_irregular_city,
          erik_lair_orcish_takeover, kennysheep_orc_monster_closet_entryway,
          serial_shops, shop, minivault_16, tso_oasis_becter
D:12:     layout_basic
D:13:     layout_big_octagon, portal_ice_cave_entry_imps,
          gammafunk_ghost_hydra_chop, library_closet, grunt_decor_arrowhead,
          minivault_14
D:14:     layout_basic, david_vaults_2, interstate_on_off
D:15:     hangedman_depths_entry_try_elsewhere_first, layout_rooms,
          abandoned_shop
Temple:   eino_narrow_crystal_temple
Lair:1:   layout_hall_layers, wad_woods_river_04, infiniplex_staircase_pool,
          serial_bayou_shore_a
Lair:2:   layout_small_grid, spider_nest_entry_web_field, hangedman_tree_tricks
Lair:3:   layout_regular_city, nicolae_swamp_entry_splash_gauntlet, basic_altar,
          lemuel_fruit_fields, grunt_megastairs_2, serial_bayou_shore_b,
          lemuel_fruit_tree, uniq_amaemon
Lair:4:   gammafunk_lair_enchanted_lake, layout_small_grid,
          gauntlet_entry_generic, minmay_lair_oklob_bushes
Lair:5:   evilmike_catoblepas_cave, layout_cave_pods,
          minmay_slime_entry_pillars, pdpol_lair_neglected_garden
Swamp:1:  layout_basic_swamp, nicolae_swamp_tree_designs, swamp_pool5
Swamp:2:  layout_falls_marsh, evilmike_swamp_ruin_house_4, swamp_pool4
Swamp:3:  layout_basic_swamp, hangedman_swamp_blocks
Swamp:4:  swamp, layout_basic_swamp, swamp_pool1, uniq_louise
Spider:1: layout_chambers, nicolae_crawler_farm
Spider:2: layout_spider_delve, hangedman_spider_tarantella_strand
Spider:3: layout_spider_delve, nicolae_spider_orb_run
Spider:4: spider_rune_water, gammafunk_ghost_tricky_traps
Orc:1:    layout_caves, gammafunk_ghost_smash, serial_shops,
          nicolae_shop_pleasant_corner_grove
Orc:2:    st_orc_rangers, layout_diamond_mine, gammafunk_ghost_grave
Elf:1:    elf_arrival_001, layout_gridlike, minmay_elf_annihilation,
          nicolae_elf_variegated_diamond, uniq_kirke, uniq_agnes
Elf:2:    elven_hall_of_blades_hangedman_alternative [nicolae_blade_lattice],
          layout_geoelf_octagon, portal_desolation_entry_twin_temple,
          serial_shops, nicolae_diamond_shop, uniq_norris, uniq_azrael
Elf:3:    minmay_elf_hall_quartered_circle, layout_geoelf_diagonals, uniq_aizul,
          uniq_saint_roka

Skill      XL: |  1  2  3  4  5  6  7  8  9 10 11 12 13 14 15 16 17 18 19 20 |
---------------+-------------------------------------------------------------+-----
Shields        | 4 5 7 8 9 11 12 13 14 15 17 19 21 22 | 22.7
Armour         | 4 5 6 8 9 10 12 13 14 15 16 17 18 19 20 | 20.3
Fighting       | 4 5 7 8 9 10 12 13 14 15 16 17 18 19 20 | 20.3
Maces & Flails | 3 4 5 7 8 9 11 12 13 14 16 18 19 20 | 20.3

Action                     |  1- 3 |  4- 6 |  7- 9 | 10-12 | 13-15 | 16-18 | 19-21 || total
---------------------------+-------+-------+-------+-------+-------+-------+-------++-------
  Melee: Flail             |   121 |   307 |       |       |       |       |       ||   428
         Morningstar       |       |     5 |   232 |   721 |  1028 |  1648 |   923 ||  4557
 Invoke: Heroism           |       |       |       |     2 |     4 |     1 |     7 ||    14
         Receive Armour    |       |       |       |     1 |       |       |       ||     1
    Use: Scroll            |       |    10 |    10 |     4 |     6 |     6 |     8 ||    44
         Potion            |       |       |       |       |       |     4 |       ||     4
   Stab: Confused          |       |       |       |       |       |     1 |       ||     1
 Armour: Scale mail        |   110 |   307 |   154 |   443 |       |       |       ||  1014
         Crystal plate arm |       |       |       |     5 |   506 |  1122 |   563 ||  2196
  Dodge: Dodged            |    86 |   185 |    58 |   197 |   148 |   283 |   163 ||  1120
  Block: Buckler           |    24 |    90 |    34 |    63 |       |       |       ||   211
         Kite shield       |       |       |       |   167 |   644 |  1362 |   106 ||  2279
         Reflection        |       |       |       |       |    85 |    12 |    37 ||   134
         Tower shield      |       |       |       |       |       |       |   838 ||   838
         Other             |       |       |       |       |       |       |     3 ||     3

Table legend: (Time is in decaauts)
 A = Elapsed time spent in this place.
 B = Non-inter-level travel time spent in this place.
 C = Inter-level travel time spent in this place.
 D = Time resting spent in this place.
 E = Time spent auto-exploring this place.
 F = Levels seen in this place.
 G = Mean time per level.
                   A        B        C        D        E       F      G
               +--------+--------+--------+--------+--------+-----+--------+
         Total |  37552 |  35161 |   2391 |   7323 |  19230 |  39 |  962.9 |
       Dungeon |  14125 |  13013 |   1112 |   1543 |   8981 |  15 |  941.7 |
        Temple |     12 |      2 |     10 |      0 |      0 |   1 |   12.0 |
          Lair |   5692 |   5115 |    577 |    509 |   3198 |   5 | 1138.4 |
         Swamp |   2666 |   2570 |     96 |    342 |   1494 |   4 |  666.5 |
   Spider Nest |   5878 |   5553 |    325 |   1895 |   2332 |   4 | 1469.5 |
  Orcish Mines |   1856 |   1751 |    105 |    455 |    873 |   2 |  928.0 |
   Elven Halls |   2387 |   2223 |    164 |     66 |   1516 |   3 |  795.7 |
       Ossuary |    698 |    698 |      0 |    173 |    166 |   1 |  698.0 |
        Bailey |   1194 |   1194 |      0 |    640 |     26 |   1 | 1194.0 |
      Ice Cave |     93 |     93 |      0 |     21 |      0 |   1 |   93.0 |
    Desolation |   2454 |   2454 |      0 |   1676 |    400 |   1 | 2454.0 |
      Gauntlet |    492 |    492 |      0 |      2 |    244 |   1 |  492.0 |
               +--------+--------+--------+--------+--------+-----+--------+

Top non-repeatable levels by time:
Desolation: 2454 daAuts
Spider:4: 1725 daAuts
Spider:3: 1691 daAuts
    D:11: 1499 daAuts
     D:9: 1474 daAuts
  Lair:4: 1415 daAuts
     D:4: 1396 daAuts
Spider:1: 1321 daAuts
  Lair:5: 1304 daAuts
     D:2: 1290 daAuts
   Elf:2: 1230 daAuts
    D:14: 1225 daAuts
  Bailey: 1194 daAuts
Spider:2: 1140 daAuts
  Lair:3: 1129 daAuts
